 Dungeon Crawl Stone Soup version 0.20-a0 (webtiles) character file.

15557 kroki the Fighter (level 12, -2/78 HPs)
             Began as a Gargoyle Ice Elementalist on Oct 27, 2016.
             Was a Priest of Ashenzari.
             Slain by an elephant (13 damage)
             ... on level 1 of the Lair of Beasts.
             The game lasted 00:21:09 (18868 turns).

kroki the Fighter (Gargoyle Ice Elementalist)      Turns: 18868, Time: 00:21:10

Health: -2/78      AC: 24    Str: 12    XL:     12   Next: 28%
Magic:  1/20       EV: 13    Int: 23    God:    Ashenzari [***...]
Gold:   486        SH:  5    Dex: 10    Spells: 3 memorised, 17 levels left

rFire  . . .     SeeInvis +     a - +3 short sword (elec) (curse)
rCold  . . .     Gourm    +     r - +0 ring mail
rNeg   + . .     Faith    .     O - +0 buckler (curse)
rPois  ∞         Spirit   .     p - +1 helmet
rElec  +         Reflect  .     x - +0 cloak (curse)
rCorr  .         Harm     .     E - +0 pair of gloves (curse)
MR     .....                    e - +0 pair of boots (curse)
Stlth  +.........               h - amulet of the gourmand {Gourm, !d}
                                o - ring of see invisible (curse) {sInv, !d}
                                s - +2 ring of intelligence (curse)

@: no status effects
A: thin metallic scales 1, low mp 1, negative energy resistance 1, sense
surroundings 1, electricity resistance, unbreathing, petrification resistance,
rot immunity, AC +8
a: Curse Item, Scrying, Renounce Religion


You were on level 1 of the Lair of Beasts.
You worshipped Ashenzari.
Ashenzari was most pleased with you.
You were very full.

You visited 3 branches of the dungeon, and saw 13 of its levels.
You also visited: Sewer.

You collected 600 gold pieces.
You spent 114 gold pieces at shops.

Inventory:

Hand Weapons
 a - a cursed +3 short sword of electrocution (weapon)
   (You took it off an orc on level 3 of the Dungeon)
 I - a +0 halberd
   (You took it off a gnoll on level 7 of the Dungeon)
 W - the +9 dagger of Chilly Death {flash freeze, rPois rF- rC++ MR+}
   (You found it on level 1 of the Lair of Beasts)

   It has been specially enchanted to freeze those struck by it, causing extra
   injury to most foes and up to half again as much damage against particularly
   susceptible opponents.
   It can also slow down cold-blooded creatures.
   It makes you vulnerable to fire.
   It greatly protects you from cold.
   It protects you from poison.
   It affects your resistance to hostile enchantments.
Armour
 e - a cursed +0 pair of boots (worn)
   (You found it on level 3 of the Dungeon)
 p - a +1 helmet (worn)
   (You found it on level 1 of the Dungeon)
 r - a +0 ring mail (worn)
   (You found it on level 1 of the Dungeon)
 x - a cursed +0 cloak (worn)
   (You found it on level 2 of the Dungeon)
 E - a cursed +0 pair of gloves (worn)
   (You found it on level 7 of the Dungeon)
 O - a cursed +0 buckler (worn)
   (You found it on level 8 of the Dungeon)
Magical Staves
 G - an uncursed staff of energy {@w1+MP, hungerless spells, !d!a}
   (You found it on level 7 of the Dungeon)
 H - an uncursed staff of summoning {!a}
   (You found it on level 1 of the Lair of Beasts)
Jewellery
 h - an amulet of the gourmand (around neck) {Gourm, !d}
   (You took it off a hobgoblin on level 3 of the Dungeon)
 o - a cursed ring of see invisible (right hand) {sInv, !d}
   (You found it on level 4 of the Dungeon)
 s - a cursed +2 ring of intelligence (left hand)
   (You found it on level 2 of the Dungeon)
 y - an uncursed ring of stealth {Stlth+}
   (You found it on level 5 of the Dungeon)
 Q - an uncursed ring of stealth {Stlth+}
   (You took it off an orc on level 9 of the Dungeon)
 U - an uncursed amulet of harm
   (You found it on level 1 of the Lair of Beasts)
Wands
 w - a wand of digging (14/24)
   (You took it off Edmund on level 5 of the Dungeon)
 C - a wand of digging (16/24)
   (You found it on level 8 of the Dungeon)
 F - a wand of acid (10/15)
   (You found it on level 7 of the Dungeon)
 P - a wand of lightning (0/15)
   (You found it on level 8 of the Dungeon)
Scrolls
 d - 3 scrolls of blinking {!r}
 g - 3 scrolls of enchant weapon
 t - a scroll of fear
 u - 2 scrolls of teleportation
 v - 2 scrolls of fog
 D - 4 scrolls of magic mapping {!r}
 N - 2 scrolls of recharging
 R - a scroll of identify
Potions
 f - 3 potions of might {unknown}
 i - a potion of haste
 j - 2 potions of heal wounds {unknown}
 k - 5 potions of curing
 l - 2 potions of agility
 q - a potion of magic
 z - 2 potions of brilliance {unknown}
 A - 4 potions of lignification {!q}
 B - 3 potions of flight
 L - a potion of resistance {unknown}
 S - a potion of cure mutation {!q}
Books
 b - a book of Frost
Comestibles
 c - 2 bread rations {@e1}
 m - 10 meat rations {@e2}
 n - a beef jerky
 J - 2 slices of pizza
 K - a royal jelly
 M - 9 fruits
 T - 6 chunks of flesh {@w0}


   Skills:
 + Level 10.5 Fighting
 - Level 6.9(8.9) Armour
 + Level 5.8(7.7) Dodging
 - Level 2.1 Stealth
 - Level 6.3(8.2) Shields
 + Level 7.0 Spellcasting
   Level 1.1(2.2) Conjurations
 - Level 6.2(8.2) Summonings
 + Level 9.1(10.9) Ice Magic


You had 17 spell levels left.
You knew the following spells:

 Your Spells              Type           Power        Failure   Level  Hunger
a - Freeze                Ice            ####         1%          1    None
b - Summon Ice Beast      Ice/Summ       ######..     3%          4    ###....
A - Ozocubu's Armour      Chrm/Ice       ####....     6%          3    None


Dungeon Overview and Level Annotations

Branches:
Dungeon (10/15)            Temple (1/1) D:4            Lair (2/6) D:10
 Spider (0/4) Lair:2          Orc (0/2) D:9
  Swamp: Lair:2-4    Shoals: Lair:2-4

Altars:
Ashenzari
Cheibriados
Dithmenos
Elyvilon
Fedhas
Gozag
Hepliaklqana
Kikubaaqudgha
Makhleb
Nemelex Xobeh
Okawaru
Qazlal
Ru
Sif Muna
Trog
Uskayaw
Vehumet
Xom
Yredelemnul
Zin
The Shining One

Shops:
D:4 ?=*


Innate Abilities, Weirdness & Mutations

You are resistant to torment.
Your stone body is resilient. (AC +8)
You are immune to poison.
You resist negative energy. (rN+)
You are resistant to electric shocks. (rElec)
You can survive without breathing.
You are immune to petrification.
You are immune to rotting.
You are partially covered in thin metallic scales. (AC +2)
Your magical capacity is low. (-10% MP)
You passively map a small area around you.


Message History

Unknown command.
There are monsters nearby!
You are too injured to fight recklessly!
Unknown command.
There are monsters nearby!
You are too injured to fight recklessly!
You hit the elephant.
There is a sudden explosion of sparks!
You block the elephant's attack.
The elephant trunk-slaps you but does no damage.
The elephant tramples your ice beast.
Your ice beast stumbles backwards!
The elephant tramples you but does no damage.
The elephant barely misses you.
Your ice beast hits the elephant but does no damage.
The elephant tramples you but does no damage.
The elephant trunk-slaps you but does no damage.
You hit the elephant but do no damage.
There is a sudden explosion of sparks!
The elephant barely misses you. x2
The elephant tramples you but does no damage.
The elephant completely misses you. You block the elephant's attack.
The elephant trunk-slaps you but does no damage.
The elephant tramples you!
You stumble backwards!
You take 8 damage, and have 33/78 hp.
The elephant tramples your ice beast but does no damage.
The elephant trunk-slaps your ice beast but does no damage.
Your ice beast hits the elephant but does no damage.
The elephant closely misses your ice beast.
The elephant trunk-slaps your ice beast.
The elephant tramples you but does no damage.
The elephant barely misses you.
The elephant barely misses something. x2
The elephant tramples something!
Something holds its ground!
Your magical contamination has completely faded away.
There is a stone staircase leading up here.
The elephant misses you. The elephant barely misses you.
You climb upwards.
There is a stone staircase leading down here.
An elephant is nearby!
You are too injured to fight recklessly!
An elephant is nearby!
You are too injured to fight recklessly!
An elephant is nearby!
You are too injured to fight recklessly!
An elephant is nearby!
You are too injured to fight recklessly!
An elephant is nearby!
You are too injured to fight recklessly!
Unknown command.
Unknown command.
Unknown command.
Unknown command.
An elephant is nearby!
You are too injured to fight recklessly!
An elephant is nearby!
You are too injured to fight recklessly!
An elephant is nearby!
You are too injured to fight recklessly!
An elephant is nearby!
You are too injured to fight recklessly!
Unknown command.
Your ring mail prevents you from hitting the elephant.
The elephant tramples you!
You stumble backwards!
You take 13 damage, and have 25/78 hp.
You hit the elephant. The elephant closely misses you. x2
You hit the elephant but do no damage.
The elephant tramples you but does no damage.
The elephant trunk-slaps you but does no damage.
You hit the elephant. The elephant barely misses you.
You block the elephant's attack.
Unknown command.
You hit the elephant.
There is a sudden explosion of sparks!
The elephant tramples you!
* * * LOW HITPOINT WARNING * * *
You stumble backwards!
You take 7 damage, and have 19/78 hp.
You hit the elephant. The elephant barely misses you.
The elephant closely misses you.
You hit the elephant but do no damage. The elephant tramples you!
* * * LOW HITPOINT WARNING * * *
You stumble backwards!
You take 7 damage, and have 13/78 hp.
You hit the elephant. The elephant completely misses you.
You block the elephant's attack.
You hit the elephant but do no damage. The elephant misses you.
You block the elephant's attack.
Unknown command.
A chill wind blows around you.
The elephant tramples you but does no damage.
The elephant trunk-slaps you.
* * * LOW HITPOINT WARNING * * *
You take 1 damage, and have 12/78 hp.
You now have 5/20 mp.
A chill wind blows around you. The elephant tramples you!
* * * LOW HITPOINT WARNING * * *
You hold your ground!
The elephant trunk-slaps you but does no damage.
You take 9 damage, and have 3/78 hp.
You now have 1/20 mp.
Unknown command.
You feel better. The elephant tramples you!
You die...

#..............#.........#
..............#..........#
######...........#.......# #
#.....>..P###.......# ##÷##.#####
###P.#### #..#### #..## #.P#
#...# ###>P##### #####+#.#### #
#P#.###..# #@YY>......# #
#........# ##Y........# #
#........# #..........# ###
####.......>####..........# ##..
...'........+...#.........####...
.###.....?..###.'.........##...##
## ########## ###.........'....##
########...######.........#######
.........[............P...#


You could see an elephant and 2 friendly ice beasts.

Vanquished Creatures
  A centaur warrior (D:10)
  A hill giant (D:10)
  An elephant (D:10)
  The ghost of braks the Charmwright, a novice HESk (D:5)
  3 rime drakes (Lair:1)
  A komodo dragon (Lair:1)
  A hornet (D:10)
  A blink frog (Lair:2)
  2 dream sheep (Lair:2)
  Prince Ribbit (D:6)
  6 yaks
  A hungry ghost (D:10)
  Grum (D:9)
  Edmund (D:5)
  Menkaure (D:5)
  4 water moccasins
  3 porcupines
  3 sky beasts
  13 orc warriors
  Duvessa (D:5)
  2 black bears
  17 ice beasts
  2 phantoms (D:10)
  6 centaurs
  5 ogres
  5 wolves
  2 crocodiles
  2 big kobolds
  Blork the orc (D:5)
  5 bullfrogs
  Dowan (D:5)
  3 scorpions
  2 vampire bats (D:7)
  6 wights
  An electric eel (D:9)
  3 crimson imps
  A quasit (D:5)
  6 orc wizards
  Crazy Yiuf (D:2)
  2 hounds
  5 orc priests
  3 bullfrog skeletons
  4 jellies
  3 centaur skeletons
  4 worker ants
  4 iguanas
  2 killer bee zombies
  A bullfrog simulacrum (D:10)
  A hound zombie (D:5)
  2 hound skeletons (D:4)
  12 gnolls
  6 adders
  5 river rats
  A shadow imp (D:9)
  An ooze (D:5)
  An adder zombie (D:5)
  2 worms
  A dart slug (D:1)
  An adder simulacrum (D:10)
  7 leopard geckos
  47 orcs
  4 bats
  6 bat zombies (D:7)
  9 giant cockroaches
  8 hobgoblins
  18 jackals
  4 quokkas
  2 ball pythons
  8 frilled lizards
  A giant cockroach zombie (D:5)
  3 goblins
  A jackal skeleton (D:6)
  13 kobolds
  A leopard gecko zombie (D:7)
  A quokka skeleton (D:4)
  12 rats
324 creatures vanquished.

Vanquished Creatures (collateral kills)
  A hydra (Lair:1)
  An elephant (Lair:2)
  A black mamba (Lair:1)
  A torpor snail (Lair:2)
  A komodo dragon (Lair:1)
  A rime drake (Lair:1)
  2 polar bears (D:10)
  A blink frog (Lair:2)
  2 dream sheep (Lair:2)
  4 yaks
  A hungry ghost (D:9)
  A water moccasin (Lair:1)
  A porcupine (Lair:2)
  An orc warrior (D:6)
  2 sky beasts
  2 ice beasts (Lair:1)
  A centaur (D:10)
  A crocodile (D:10)
  A big kobold (D:8)
  A bullfrog (Lair:1)
  A wyvern skeleton (D:10)
  2 wights (D:7)
  An electric eel (D:10)
  A quasit (D:10)
  An orc priest (D:9)
  A bullfrog skeleton (D:9)
  An iguana (D:8)
  An orc wizard (D:10)
  A gnoll (D:7)
  A white imp (D:10)
  A worker ant simulacrum (D:10)
  An ufetubus (D:10)
  5 orcs
  7 kobolds
52 creatures vanquished.

Vanquished Creatures (others)
  An electric eel (D:10)
  An orc (D:10)
  A plant (Lair:1)
3 creatures vanquished.

Grand Total: 379 creatures vanquished

Notes
Turn   | Place    | Note
-------+----------+-------------------------------------------
     0 | D:1      | kroki the Gargoyle Ice Elementalist began the quest for the Orb.
     0 | D:1      | Reached XP level 1. HP: 10/10 MP: 3/3
   253 | D:1      | Reached XP level 2. HP: 8/15 MP: 0/5
   772 | D:1      | Reached skill level 4 in Ice Magic
   830 | D:1      | Reached XP level 3. HP: 18/19 MP: 4/6
  1759 | D:2      | Reached XP level 4. HP: 12/24 MP: 4/7
  2170 | D:2      | Found a runed door.
  2230 | D:2      | Noticed Crazy Yiuf
  2236 | D:2      | Killed Crazy Yiuf
  2236 | D:2      | Reached skill level 5 in Ice Magic
  2261 | D:2      | Learned a level 3 spell: Ozocubu's Armour
  2598 | D:3      | Reached XP level 5. HP: 21/28 MP: 0/8
  2638 | D:3      | Found a glowing drain.
  2642 | Sewer    | Entered a sewer
  2816 | Sewer    | Noticed a big kobold
  2870 | Sewer    | Killed a big kobold
  2870 | Sewer    | Reached skill level 6 in Ice Magic
  2870 | Sewer    | Reached XP level 6. HP: 26/32 MP: 3/9
  2890 | Sewer    | Learned a level 4 spell: Summon Ice Beast
  2940 | Sewer    | Found a white marble altar of Elyvilon.
  3397 | D:3      | Found a hide-covered altar of Uskayaw.
  3401 | D:3      | Found a blossoming altar of Fedhas.
  3572 | D:3      | Reached skill level 1 in Fighting
  3572 | D:3      | Reached skill level 1 in Summonings
  4118 | D:4      | Found Oxtet's Assorted Antiques.
  4126 | D:4      | Bought a scroll labeled ZUNAIL DYMAA for 30 gold pieces
  4126 | D:4      | Bought a black potion for 27 gold pieces
  4126 | D:4      | Bought an inky potion for 27 gold pieces
  4126 | D:4      | Bought a scroll labeled RAICWUQEURR for 30 gold pieces
  4171 | D:4      | Found Tonul's Magic Scroll Emporium.
  4180 | D:4      | Reached skill level 2 in Dodging
  4401 | D:4      | Found Yptupno's Jewellery Boutique.
  4554 | D:4      | Found a shimmering altar of Xom.
  4798 | D:4      | Reached skill level 2 in Summonings
  4798 | D:4      | Reached XP level 7. HP: 36/39 MP: 6/10
  4827 | D:4      | Found a staircase to the Ecumenical Temple.
  4842 | Temple   | Entered the Ecumenical Temple
  4951 | Temple   | Became a worshipper of Ashenzari the Shackled
  5023 | D:4      | Reached skill level 2 in Fighting
  5243 | D:5      | Entered Level 5 of the Dungeon
  5284 | D:5      | Noticed Edmund
  5299 | D:5      | Killed Edmund
  5299 | D:5      | Reached skill level 1 in Armour
  5558 | D:5      | Reached skill level 2 in Armour
  5558 | D:5      | Reached skill level 3 in Summonings
  5644 | D:5      | Noticed Blork the orc
  5667 | D:5      | Killed Blork the orc
  5676 | D:5      | Reached skill level 3 in Fighting
  5676 | D:5      | Reached skill level 3 in Armour
  5676 | D:5      | Reached XP level 8. HP: 33/46 MP: 3/11
  5853 | D:5      | Noticed Menkaure
  5859 | D:5      | Killed Menkaure
  5862 | D:5      | Reached skill level 4 in Summonings
  5922 | D:5      | Noticed braks's ghost (novice HESk)
  6084 | D:5      | Noticed Duvessa
  6084 | D:5      | Noticed Dowan
  6093 | D:5      | Killed Duvessa
  6093 | D:5      | Reached skill level 4 in Armour
  6095 | D:5      | Killed Dowan
  6319 | D:5      | Reached skill level 4 in Fighting
  6319 | D:5      | Reached skill level 5 in Armour
  6319 | D:5      | Reached skill level 5 in Summonings
  6739 | D:5      | Killed braks's ghost
  6739 | D:5      | Reached XP level 9. HP: 49/52 MP: 2/12
  7072 | D:5      | Found a stormy altar of Qazlal.
  7074 | D:5      | Found an opulent altar of Gozag.
  7084 | D:5      | Found a basalt altar of Yredelemnul.
  7233 | D:6      | Reached skill level 6 in Armour
  7306 | D:6      | Reached skill level 5 in Fighting
  7435 | D:6      | Reached skill level 6 in Summonings
  7979 | D:6      | Noticed Prince Ribbit
  8348 | D:6      | Killed Prince Ribbit
  8610 | D:6      | Reached * piety under Ashenzari
  8651 | D:6      | Reached skill level 6 in Fighting
  9146 | D:7      | Reached skill level 3 in Spellcasting
  9545 | D:7      | Found an ancient bone altar of Kikubaaqudgha.
  9559 | D:7      | Reached skill level 7 in Fighting
  9593 | D:7      | Found a shimmering altar of Xom.
  9670 | D:7      | Reached XP level 10. HP: 31/63 MP: 3/15
 10066 | D:8      | Found a snail-covered altar of Cheibriados.
 10082 | D:8      | Reached skill level 8 in Fighting
 10082 | D:8      | Reached skill level 4 in Spellcasting
 10208 | D:8      | Found a radiant altar of Vehumet.
 10894 | D:8      | Reached skill level 1 in Shields
 11131 | D:9      | Noticed Grum
 11136 | D:9      | Reached skill level 2 in Shields
 11144 | D:9      | Killed Grum
 11153 | D:9      | Reached skill level 3 in Shields
 11302 | D:9      | Reached skill level 4 in Shields
 11346 | D:9      | Found a bloodstained altar of Trog.
 11462 | D:9      | Reached skill level 5 in Shields
 11752 | D:9      | Found a staircase to the Orcish Mines.
 12031 | D:9      | Reached skill level 6 in Shields
 12092 | D:9      | HP: 9/65 [cloud of flame (17)]
 12111 | D:9      | HP: 12/65 [hungry ghost (1)]
 12677 | D:9      | Reached skill level 3 in Dodging
 12677 | D:9      | Reached skill level 7 in Ice Magic
 12685 | D:9      | HP: 7/65 [orc warrior/mace (12)]
 12702 | D:9      | HP: 8/65 [orc warrior/long sword (3)]
 12729 | D:9      | HP: 6/65 [orc warrior/hand axe (7)]
 12735 | D:9      | HP: 4/65 [bullfrog skeleton (3)]
 13077 | D:9      | Reached XP level 11. HP: 69/69 MP: 18/18
 13211 | D:9      | Reached skill level 9 in Fighting
 13722 | D:10     | Entered Level 10 of the Dungeon
 13902 | D:10     | Reached ** piety under Ashenzari
 13918 | D:10     | Reached skill level 5 in Spellcasting
 14102 | D:10     | Noticed a hill giant
 14115 | D:10     | Killed a hill giant
 14650 | D:10     | Identified the +5 hunting sling of Ambiguity {velocity, Fragile +Fly rC++ Stlth-}
 14700 | D:10     | Reached skill level 4 in Dodging
 14767 | D:10     | Found a staircase to the Lair.
 15019 | D:10     | Noticed a centaur warrior
 15030 | D:10     | HP: 16/71 [centaur warrior/arrow (6)]
 15360 | D:10     | Killed a centaur warrior
 15360 | D:10     | Reached skill level 8 in Ice Magic
 15799 | Lair:1   | Entered Level 1 of the Lair of Beasts
 16263 | Lair:1   | Noticed a five-headed hydra
 16272 | Lair:1   | Killed a five-headed hydra
 16272 | Lair:1   | Reached skill level 6 in Spellcasting
 16640 | Lair:1   | Reached skill level 5 in Dodging
 16642 | Lair:1   | Reached skill level 10 in Fighting
 17290 | Lair:1   | Gained mutation: You passively map a small area around you. [potion of mutation]
 17290 | Lair:1   | Gained mutation: Your magical capacity is low. (-10% MP) [potion of mutation]
 17290 | Lair:1   | Gained mutation: You are partially covered in thin metallic scales. (AC +2) [potion of mutation]
 17356 | Lair:1   | Reached XP level 12. HP: 77/77 MP: 14/19
 18020 | Lair:1   | Reached *** piety under Ashenzari
 18424 | Lair:2   | Identified the +8 falchion "Weih" {slice, MR++}
 18515 | Lair:2   | Found a hole to the Spider Nest.
 18557 | Lair:2   | Reached skill level 9 in Ice Magic
 18667 | Lair:2   | Reached skill level 7 in Spellcasting
 18861 | Lair:1   | HP: 19/78 [elephant (7)]
 18866 | Lair:1   | HP: 12/78 [elephant (2)]
 18867 | Lair:1   | HP: 3/78 [elephant (9)]
 18868 | Lair:1   | Slain by an elephant

Vault maps used:
D:1:      saegor_arrival_miasma, minmay_pentomino_o2
D:2:      kennysheep_crisscross, uniq_crazy_yiuf_cottage
D:3:      gammafunk_temple_overflow_statue, gup_sewer_entry_spiral, first_bread
D:4:      overflow_temple_1_default, serial_shops, shop_fountains,
          nicolae_shop_crystal, kennysheep_little_box
D:5:      nicolae_overflow_hidden_temple, uniq_menkaure, uniq_duvessa,
          uniq_edmund, uniq_blork_the_orc
D:6:      interstate_on_off, uniq_prince_ribbit1
D:7:      kennysheep_vampire_church, basic_altar
D:8:      overflow_temple_1_default, cheibriados_altar_1
D:9:      erik_orc_2, special_room, basic_altar, uniq_grum
D:10:     david_lair_generic, serial_ice, serial_ice_o, serial_ice_j,
          serial_ice_c, serial_ice_n
Temple:   nicolae_temple_x_marks_the_god
Lair:1:   minmay_guarded_unrand_chilly_death
Lair:2:   spider_nest_entry_web_field, uniq_gastronok
Sewer:    sewer_kobolds

Skill      XL: |  1  2  3  4  5  6  7  8  9 10 11 12 |
---------------+-------------------------------------+-----
Ice Magic      | 4 5 6 7 8 9 |  9.1
Fighting       | 1 3 4 7 8 10 | 10.5
Summonings     | 2 3 5 6 |  6.2
Dodging        | 2 3 5 |  5.8
Armour         | 3 5 6 |  6.9
Spellcasting   | 3 4 6 7 |  7.0
Shields        | 6 |  6.3
Stealth        | |  2.1
Conjurations   | |  1.1

Action                   |  1- 3 |  4- 6 |  7- 9 | 10-12 || total
-------------------------+-------+-------+-------+-------++-------
Melee: Unarmed           |     4 |       |       |       ||     4
       Short sword       |    54 |   104 |   231 |   592 ||   981
 Cast: Freeze            |    47 |    79 |   119 |   156 ||   401
       Summon Ice Beast  |       |       |     5 |    81 ||    86
Invok: Curse Item        |       |       |     3 |     2 ||     5
       Scrying           |       |       |       |     2 ||     2
Evoke: Wand              |       |       |       |     4 ||     4
  Use: Scroll            |       |     7 |     2 |    10 ||    19
       Potion            |       |       |       |     3 ||     3
 Stab: Sleeping          |     1 |       |       |       ||     1
       Distracted        |       |       |       |     1 ||     1
  Eat: Chunk             |     3 |    25 |    17 |    52 ||    97
       Beef jerky        |       |       |       |     4 ||     4
Armor: Robe              |    22 |       |       |       ||    22
       Ring mail         |    15 |    99 |   199 |   431 ||   744
Dodge: Dodged            |    59 |   102 |   251 |   462 ||   874
Block: Buckler           |       |       |       |   195 ||   195

Vault maps used:
D:1:      saegor_arrival_miasma, minmay_pentomino_o2
D:2:      kennysheep_crisscross, uniq_crazy_yiuf_cottage
D:3:      gammafunk_temple_overflow_statue, gup_sewer_entry_spiral, first_bread
D:4:      overflow_temple_1_default, serial_shops, shop_fountains,
          nicolae_shop_crystal, kennysheep_little_box
D:5:      nicolae_overflow_hidden_temple, uniq_menkaure, uniq_duvessa,
          uniq_edmund, uniq_blork_the_orc
D:6:      interstate_on_off, uniq_prince_ribbit1
D:7:      kennysheep_vampire_church, basic_altar
D:8:      overflow_temple_1_default, cheibriados_altar_1
D:9:      erik_orc_2, special_room, basic_altar, uniq_grum
D:10:     david_lair_generic, serial_ice, serial_ice_o, serial_ice_j,
          serial_ice_c, serial_ice_n
Temple:   nicolae_temple_x_marks_the_god
Lair:1:   minmay_guarded_unrand_chilly_death
Lair:2:   spider_nest_entry_web_field, uniq_gastronok
Sewer:    sewer_kobolds

Table legend:
 A = Turns spent in this place as a percentage of turns spent in the entire game.
 B = Non-inter-level travel turns spent in this place as a percentage of non-inter-level travel turns spent in the entire game.
 C = Inter-level travel turns spent in this place as a percentage of turns spent in this place.
 D = Turns resting spent in this place as a percentage of non-inter-level travel turns spent in this place.
 E = Turns spent auto-exploring this place as a percentage of non-inter-level travel turns spent in this place.
 F = Non-inter-level travel turns spent in this place divided by the number of levels of this place that you've seen.
                   A       B       C       D       E      F
               +-------+-------+-------+-------+-------+----------------------
         Total | 100.0 | 100.0 |   0.3 |   0.1 |   8.9 | 435.1
       Dungeon |  79.7 |  79.7 |   0.4 |   0.1 |   9.5 | 485.5
        Temple |   1.3 |   1.3 |   1.3 |   0.0 |  16.7 |  78.0
          Lair |  16.8 |  16.8 |   0.1 |   0.0 |   5.8 | 513.0
         Sewer |   2.2 |   2.2 |   0.0 |   0.0 |   9.0 | 133.0
               +-------+-------+-------+-------+-------+----------------------

Table legend:
 A = Kills in this place as a percentage of kills in entire the game.
 B = Kills by you in this place as a percentage of kills by you in the entire game.
 C = Kills by friends in this place as a percentage of kills by friends in the entire game.
 D = Other kills in this place as a percentage of other kills in the entire game.
 E = Experience gained in this place as a percentage of experience gained in the entire game.
 F = Experience gained in this place divided by the number of levels of this place that you have seen.
                   A       B       C       D       E      F
               +-------+-------+-------+-------+-------+----------------------
         Total | 100.0 | 100.0 | 100.0 |  -nan | 100.0 | 1587.5
       Dungeon |  83.8 |  86.1 |  69.2 |  -nan |  62.3 | 1385.3
          Lair |  13.6 |  10.8 |  30.8 |  -nan |  37.0 | 4107.0
         Sewer |   2.7 |   3.1 |   0.0 |  -nan |   0.7 | 158.0
               +-------+-------+-------+-------+-------+----------------------
